 Dungeon Crawl Stone Soup version 0.19.1-1-g22dce08 (webtiles) character file.

32 BigBluFrog the Chopper (level 3, 0/31 HPs)
             Began as a Formicid Chaos Knight on Jan 19, 2017.
             Slain by a quasit (2 damage)
             ... summoned by Xom
             ... on level 2 of the Dungeon.
             The game lasted 00:03:00 (1601 turns).

BigBluFrog the Chopper (Formicid Chaos Knight)      Turns: 1601, Time: 00:03:00

Health: 0/31       AC:  5    Str: 15 (17) XL:     3   Next: 45%
Magic:  3/3        EV: 11    Int:  9 (11) God:    Xom [...*..]
Gold:   124        SH:  0    Dex:  3 (14) Spells: 0 memorised, 2 levels left

rFire  . . .     SeeInvis +     a - +0 hand axe (chaos)
rCold  . . .     Gourm    .     b - +2 leather armour
rNeg   . . .     Faith    .     (no shield)
rPois  .         Spirit   .     (helmet unavailable)
rElec  +         Reflect  .     (no cloak)
rCorr  .         Harm     .     (no gloves)
MR     .....                    (no boots)
Stlth  ..........               (no amulet)
                                (no ring)
                                (no ring)

@: no status effects
A: permanent stasis, dig shafts and tunnels, four strong arms, antennae 3, agile
2, robust 1, electricity resistance
a: Dig, Shaft Self, Renounce Religion


You were on level 2 of the Dungeon.
You worshipped Xom.
You were a favourite toy of Xom.
You were hungry.

You visited 1 branch of the dungeon, and saw 2 of its levels.

You collected 124 gold pieces.

Inventory:

Hand Weapons
 a - a +0 hand axe of chaos (weapon)
Missiles
 h - 4 javelins (quivered)
Armour
 b - a +2 leather armour (worn)
Scrolls
 i - 3 scrolls of enchant weapon
Comestibles
 c - 2 bread rations
 d - 2 meat rations
 f - a chunk of flesh


   Skills:
 - Level 3.2 Fighting
 + Level 4.2 Axes
 - Level 2.1 Armour
 - Level 0.8 Dodging


You had 2 spell levels left.
You didn't know any spells.

Dungeon Overview and Level Annotations

Branches:
Dungeon (2/15)

Altars:


Innate Abilities, Weirdness & Mutations

You are under a permanent stasis effect.
You can dig through walls and to a lower floor.
Your four strong arms can wield two-handed weapons with a shield.
You have a pair of large antennae on your head. (SInv)
You are very agile. (Dex +4)
You are robust. (+10% HP)
You are resistant to electric shocks. (rElec)


Message History

The quasit claws you but does no damage.
The quasit closely misses you.
You hit the quasit but do no damage. The quasit bites you.
* * * LOW HITPOINT WARNING * * *
The quasit claws you but does no damage.
The quasit closely misses you.
You hit the quasit.
The quasit is lightly wounded.
The quasit bites you.
* * * LOW HITPOINT WARNING * * *
You feel clumsy.
The quasit claws you but does no damage.
The quasit claws you.
* * * LOW HITPOINT WARNING * * *
You feel clumsy.
You miss the quasit.
The quasit is lightly wounded.
The quasit bites you.
You die... "It's not fun and games unless someone loses an eye."

*,*#.#.$##,,,##........,,,,,,,,,
*,,.....#⌠,,,⌠#...#....,,,,,,,,,
**,...##.#*,,,##.?.#....,,,,,,***
,,,,..**,***,*#.........,,,,,,*
,**,,,,,,*⌠*,*#......w..,,,,,,*
***,,,,,,,,,,⌠#....#....,,,,,,*
*,,,,,,*⌠*,*#K.{......,,,,,,*
*,,,,,****,*#5##......,,,,,,*
*,,,,,,**,,,##@#......,******
*,,,,,,*⌠,,,⌠###.....,,*
*,,,,,***,,,** *,....,,* *,,,,,*
**_** *,,...,,* *,,,,,* ***
*,,,,,,,* *,,,,,* *,,,,,,,*
******* *,,,,,,,* *,>,,,,,*
*********


You could see a quasit and a kobold.

Vanquished Creatures
  A worm (D:2)
  A dart slug (D:1)
  A leopard gecko (D:1)
  3 bats (D:1)
  3 giant cockroaches (D:1)
  4 goblins
  3 hobgoblins
  2 frilled lizards
  5 kobolds
  2 rats
25 creatures vanquished.

Vanquished Creatures (others)
  A frilled lizard (D:2)
1 creature vanquished.

Grand Total: 26 creatures vanquished

Notes
Turn   | Place    | Note
-------+----------+-------------------------------------------
     0 | D:1      | BigBluFrog the Formicid Chaos Knight began the quest for the Orb.
     0 | D:1      | Reached XP level 1. HP: 18/18 MP: 1/1
   113 | D:1      | XOM: harmless Erth miscast
   125 | D:1      | Reached XP level 2. HP: 19/24 MP: 2/2
   157 | D:1      | XOM: silly message
   469 | D:1      | XOM: harmless Necr miscast
   633 | D:1      | XOM: stat loss: -1 Dex (9/10)
   803 | D:1      | Reached skill level 4 in Axes
   803 | D:1      | Reached XP level 3. HP: 28/29 MP: 3/3
   870 | D:1      | XOM: medium Pois miscast
  1134 | D:2      | XOM: enchant monster (good)
  1137 | D:2      | XOM: snakes to sticks
  1460 | D:2      | XOM: harmless Conj miscast
  1578 | D:2      | XOM: summons 1 hostile demon
  1585 | D:2      | XOM: give mutations
  1585 | D:2      | Gained mutation: You are robust. (+10% HP) [Xom's grace]
  1585 | D:2      | Gained mutation: You are agile. (Dex +2) [Xom's grace]
  1585 | D:2      | Gained mutation: You are very agile. (Dex +4) [Xom's grace]
  1585 | D:2      | Gained mutation: You are resistant to electric shocks. (rElec) [Xom's grace]
  1601 | D:2      | Slain by a quasit

Skill      XL: |  1  2 |
---------------+-------+-----
Axes           | 4 |  4.2
Fighting       | |  3.2
Armour         | |  2.1
Dodging        | |  0.8

Action                   || total
-------------------------++-------
Melee: Hand axe          ||    81
 Abil: Dig               ||     1
  Use: Scroll            ||     7
       Potion            ||     3
 Stab: Confused          ||     1
       Invisible         ||     1
       Petrified         ||     1
  Eat: Chunk             ||     2
Armor: Leather armour    ||    59
Dodge: Dodged            ||    76
